Map: Lightshade LE

Players

TaoPaiPai

  • Race: Zerg Zerg

ViBE - Winner!

  • Race: Protoss Protoss
  • League: Diamond

VOD

Have the link to the VOD?

Description

Time

  • Played on: April 17, 2021, 12:05 a.m.
  • Length: 14:05
Show
View Real Time Build Order
Export as new Build Order

TaoPaiPai Zerg 

Build Orders: Hatch First, Roach Hydra 

Get SALT Encoding   

  12  0:03  Drone  
  13  0:12  Overlord  
  13  0:17  Drone  
  14  0:30  Drone x2  
  16  0:36  Drone  
  17  0:55  Hatchery, Drone  
  17  0:59  Extractor  
  17  1:00  Drone  
  17  1:15  Drone  
  17  1:18  Spawning Pool  
  17  1:24  Drone  
  18  1:29  Drone  
  19  1:42  Overlord  
  19  1:53  Drone  
  20  2:08  Queen x2, Metabolic Boost  
  22  2:10  Drone x2  
  22  2:14  Drone  
  27  2:20  Drone  
  28  2:24  Drone  
  29  2:30  Drone  
  30  2:40  Hatchery  
  29  2:50  Queen  
  31  2:51  Drone x3  
  31  2:53  Zergling x2  
  31  2:57  Zergling x2  
  36  3:01  Overlord  
  36  3:06  Overlord  
  36  3:19  Drone x4, Extractor  
  39  3:23  Drone  
  39  3:24  Drone  
  39  3:25  Lair  
  41  3:29  Spore Crawler  
  41  3:32  Spore Crawler  
  39  3:40  Drone x4  
  39  3:41  Drone  
  44  3:55  Drone  
  45  3:56  Drone x2  
  45  4:00  Queen  
  45  4:02  Spore Crawler  
  49  4:17  Drone x3  
  49  4:18  Drone x5  
  56  4:24  Overlord  
  56  4:27  Overlord  
  56  4:29  Hatchery  
  55  4:33  Roach Warren  
  54  4:47  Overseer  
  54  4:49  Hatchery  
  54  4:51  Drone x3  
  56  4:58  Drone  
  56  4:59  Drone x4, Overlord  
  61  5:00  Overlord  
  61  5:15  Roach x2  
  65  5:23  Overlord x3  
  65  5:33  Queen, Overseer x2  
  67  5:39  Extractor, Evolution Chamber  
  67  5:40  Evolution Chamber  
  67  5:41  Drone x5  
  70  5:42  Drone  
  70  5:43  Infestation Pit, Drone x2  
  70  5:44  Roach x4  
  70  5:49  Extractor  
  78  5:50  Pneumatized Carapace  
  78  5:51  Burrow  
  76  6:18  Drone x4  
  80  6:21  Glial Reconstitution  
  80  6:25  Drone x4  
  84  6:26  Hydralisk Den  
  84  6:28  Extractor  
  84  6:30  Zerg Missile Weapons Level 1  
  84  6:32  Queen  
  84  6:37  Drone x10  
  84  6:39  Overlord x3  
  96  6:43  Zerg Ground Armor Level 1  
  96  6:54  Spore Crawler  
  96  6:55  Spore Crawler  
  92  7:01  Queen  
  92  7:06  Spore Crawler  
  94  7:09  Hydralisk x6  
  106  7:20  Hydralisk x3  
  112  7:35  Grooved Spines  
  112  7:40  Hatchery  
  111  7:45  Extractor  
  111  7:49  Hydralisk x4  
  118  7:56  Hatchery  
  117  8:08  Overlord  
  117  8:53  Roach x3  
  117  8:54  Roach, Overlord  
  117  8:55  Overlord x3  
  125  8:56  Overlord x5  
  125  9:04  Zerg Missile Weapons Level 2, Zerg Ground Armor Level 2  
  125  9:06  Extractor  
  126  9:11  Extractor  
  126  9:15  Queen  
  125  9:18  Hive  
  125  9:23  Hydralisk, Roach x3  
  125  9:24  Hydralisk x9, Roach  
  135  9:26  Muscular Augments, Tunneling Claws  
  153  9:33  Hydralisk  
  155  9:53  Hydralisk x3  
  155  9:54  Hydralisk x8  
  155  9:56  Overlord x2  
  155  9:57  Zergling x2  
  155  9:58  Zergling x6  
  181  10:10  Hydralisk  
  181  10:11  Hydralisk x6  
  181  10:12  Hydralisk  
  181  10:14  Zergling x6  
  200  10:36  Adrenal Glands  
  200  10:50  Hatchery  
  192  11:08  Hydralisk  
  192  11:09  Hydralisk x2  
  192  11:10  Zergling x2  
  199  11:26  Zerg Missile Weapons Level 3, Zerg Ground Armor Level 3  
  199  11:38  Overseer x2  
  199  11:39  Overseer x2  
  199  12:06  Hatchery  
  198  12:19  Hatchery  
  108  12:55  Hydralisk  
  108  12:56  Hydralisk x13  
  108  12:57  Hydralisk x19  
  108  12:58  Hydralisk x2  
  150  13:07  Hydralisk  
  150  13:08  Hydralisk x4  
  159  13:14  Overseer  
  159  13:34  Hydralisk x5  
  169  13:45  Extractor  
  142  13:49  Extractor  
Show
View Real Time Build Order
Export as new Build Order

ViBE Protoss - Winner!

Build Orders: 1 Gate Expand, Carriers 

Get SALT Encoding   

  12  0:00  Probe  
  13  0:12  Probe  
  14  0:24  Probe  
  15  0:38  Pylon  
  15  0:56  Probe (Chrono Boost)  
  16  0:57  Gateway  
  16  1:02  Assimilator  
  16  1:08  Probe (Chrono Boost)  
  17  1:13  Probe (Chrono Boost)  
  18  1:23  Probe  
  19  1:29  Nexus  
  19  1:35  Probe  
  20  1:45  Cybernetics Core  
  20  1:47  Probe  
  21  1:55  Assimilator  
  21  1:59  Probe  
  21  2:00  Pylon  
  22  2:11  Probe  
  23  2:22  Stalker (Chrono Boost)  
  25  2:23  Probe (Chrono Boost)  
  26  2:33  Gateway  
  26  2:35  Probe (Chrono Boost)  
  26  2:36  Shield Battery  
  27  2:39  Probe (Chrono Boost)  
  27  2:42  Stargate  
  29  2:44  Probe  
  29  2:49  Probe  
  30  2:51  Warp Gate  
  30  2:56  Probe  
  31  3:02  Probe  
  31  3:05  Adept  
  34  3:08  Probe  
  35  3:14  Probe  
  35  3:19  Void Ray  
  36  3:20  Probe  
  36  3:21  Pylon  
  36  3:26  Probe  
  42  3:32  Probe  
  43  3:39  Probe (Chrono Boost)  
  43  3:40  Adept x2  
  48  3:44  Probe (Chrono Boost)  
  49  3:51  Probe (Chrono Boost)  
  49  3:55  Probe (Chrono Boost)  
  51  3:57  Probe (Chrono Boost)  
  51  3:59  Probe (Chrono Boost)  
  51  4:00  Pylon  
  53  4:03  Pylon  
  53  4:04  Probe  
  54  4:18  Probe x2  
  54  4:19  Nexus  
  54  4:20  Pylon  
  54  4:22  Void Ray  
  54  4:23  Pylon  
  56  4:30  Probe x2  
  62  4:34  Assimilator  
  62  4:35  Assimilator  
  62  4:38  Shield Battery  
  62  4:42  Probe  
  62  4:43  Probe  
  62  4:45  Adept x2  
  68  4:55  Probe x2  
  70  5:01  Void Ray  
  72  5:07  Probe x2  
  72  5:08  Stargate  
  76  5:18  Adept x2  
  76  5:19  Probe x2  
  82  5:27  Forge  
  82  5:31  Probe x2 (Chrono Boost)  
  84  5:40  Probe (Chrono Boost), Void Ray  
  85  5:43  Probe x2 (Chrono Boost)  
  85  5:46  Assimilator  
  85  5:48  Adept, Assimilator  
  85  5:49  Adept  
  96  5:50  Void Ray  
  96  5:51  Probe (Chrono Boost)  
  96  5:56  Probe (Chrono Boost)  
  101  6:22  Pylon  
  101  6:25  Pylon  
  101  6:27  Pylon  
  101  6:31  Pylon  
  101  6:34  Pylon, Photon Cannon  
  101  6:35  Photon Cannon  
  101  6:36  Photon Cannon  
  101  6:38  Shield Battery  
  101  6:40  Probe x3  
  101  6:41  Photon Cannon  
  101  6:42  Photon Cannon x2  
  101  6:44  Pylon  
  104  6:48  Fleet Beacon, Stargate, Void Ray  
  104  6:49  Void Ray  
  104  6:52  Probe x2  
  110  6:55  Protoss Shields Level 1 (Chrono Boost)  
  110  6:59  Probe  
  115  7:01  Protoss Air Weapons Level 1 (Chrono Boost)  
  115  7:04  Probe x2  
  117  7:18  Probe x3  
  120  7:30  Robotics Facility  
  120  7:35  Carrier x2  
  132  7:40  Nexus  
  132  7:43  Pylon, Probe x2  
  134  7:45  Probe  
  134  7:46  Pylon  
  135  7:52  Carrier  
  142  7:58  Probe x3  
  144  8:05  Photon Cannon  
  144  8:09  Photon Cannon  
  144  8:11  Photon Cannon  
  144  8:14  Flux Vanes, Shield Battery  
  144  8:17  Probe x2  
  144  8:18  Probe  
  147  8:24  Observer  
  148  8:30  Mothership, Probe x2  
  158  8:37  Twilight Council  
  154  8:53  Carrier  
  154  8:54  Probe x3  
  163  8:57  Assimilator x2  
  163  9:02  Pylon  
  163  9:05  Pylon, Carrier  
  163  9:06  Probe  
  163  9:08  Pylon  
  170  9:23  Carrier  
  176  9:25  Nexus  
  176  9:27  Photon Cannon  
  176  9:28  Pylon, Photon Cannon  
  176  9:31  Pylon  
  176  9:32  Protoss Shields Level 2 (Chrono Boost), Photon Cannon  
  176  9:34  Shield Battery  
  176  9:37  Photon Cannon  
  176  9:38  Photon Cannon  
  176  9:43  Photon Cannon  
  176  9:49  Photon Cannon  
  176  9:53  Photon Cannon  
  176  9:55  Photon Cannon  
  176  9:56  Shield Battery, Photon Cannon  
  176  9:57  Shield Battery  
  176  10:00  Protoss Air Weapons Level 2 (Chrono Boost)  
  176  10:20  Adept  
  176  10:21  Adept  
  180  10:31  Carrier x3  
  198  10:44  Stargate  
  198  10:45  Stargate  
  198  10:48  Stargate  
  176  11:14  Photon Cannon  
  176  11:15  Photon Cannon  
  176  11:17  Photon Cannon  
  176  11:19  Photon Cannon  
  176  11:21  Photon Cannon  
  176  11:24  Photon Cannon  
  176  11:25  Gateway, Shield Battery  
  176  11:27  Gateway  
  176  11:30  Gateway  
  176  11:31  Carrier x3 (Chrono Boost), Shield Battery  
  176  11:32  Gateway, Assimilator  
  176  11:35  Gateway  
  176  11:36  Assimilator  
  176  11:39  Templar Archives, Carrier (Chrono Boost)  
  200  12:31  Nexus  
  200  12:32  Pylon  
  200  12:35  Pylon  
  200  12:50  Carrier  
  198  13:19  Dark Shrine  
  198  13:24  Gateway  
  198  13:30  Stargate  
  198  13:32  Stargate  
  198  13:33  Gateway  
  198  13:34  Gateway  
  198  13:37  Gateway  
  198  13:42  Gateway  
Tags
 
Add a new tag
Caveats
  • Supply blocks, unpowered buildings, or Contaminate may cause inaccurate times.
  • Supply counts are checked every 10 seconds.